 Dungeon Crawl Stone Soup version 0.29.1-15-g9cfb28693d (webtiles) character file.

Game seed: 3989122137800920447

485 Ast3rio the Poker (level 6, -9/56 HPs)
             Began as a Minotaur Berserker on Mar 14, 2023.
             Was a Believer of Trog.
             Splashed by a jelly's acid (11 damage)
             ... on level 4 of the Dungeon.
             The game lasted 00:03:26 (3435 turns).

Ast3rio the Poker (Minotaur Berserker)              Turns: 3435, Time: 00:03:29

Health: -9/56      AC: -1    Str: 23    XL:     6   Next: 88%
Magic:  5/5        EV: 13    Int:  4    God:    Trog [**....]
Gold:   187        SH:  0    Dex: 10    Spells: 5/5 levels left

rFire   . . .      SeeInvis .   a - +0 spear
rCold   . . .      Faith    .   (no shield)
rNeg    . . .      Spirit   .   b - +0 animal skin
rPois   .          Reflect  .   (helmet restricted)
rElec   .          Harm     .   (no cloak)
rCorr   .          Rampage  .   (no gloves)
Will    .....                   (no boots)
Stlth   +.........              (no amulet)
HPRegen 0.18/turn               (no ring)
MPRegen 0.09/turn               (no ring)

@: corroded
A: horns 2, retaliatory headbutt
a: Renounce Religion, Berserk, Trog's Hand


You were on level 4 of the Dungeon.
You worshipped Trog.
Trog was pleased with you.
You visited 1 branch of the dungeon, and saw 4 of its levels.

You collected 187 gold pieces.

Inventory:

Hand Weapons
 a - a +0 spear (weapon)
Armour
 b - a +0 animal skin (worn)
Jewellery
 w - a ring of protection from fire
 x - an amulet of reflection
 y - a ring of magical power
Wands
 m - a wand of roots (9)
 v - a wand of flame (10)
Scrolls
 c - 2 scrolls of teleportation {unknown}
 e - a scroll of enchant weapon {unknown}
 f - a scroll of silence {unknown}
 g - 2 scrolls of blinking {unknown}
 h - a scroll of amnesia {unknown}
 i - a scroll of magic mapping {unknown}
 l - 2 scrolls of vulnerability {unknown}
 n - a scroll of immolation {unknown}
 o - 3 scrolls of identify {unknown}
 r - a scroll of enchant armour {unknown}
 A - a scroll of torment {unknown}
Potions
 d - 7 potions of curing {unknown}
 j - a potion of flight {unknown}
 k - a potion of magic {unknown}
 p - 2 potions of mutation {unknown}
 q - a potion of attraction {unknown}
 s - 2 potions of brilliance {unknown}
 t - a potion of berserk rage {unknown}
 u - a potion of haste {unknown}
 z - a potion of lignification {unknown}


   Skills:
 + Level 5.6 Fighting
 + Level 5.6 Polearms
 + Level 4.9 Armour
 + Level 4.4 Dodging


You had 5 spell levels left.
You didn't know any spells.
Your spell library was empty.

Dungeon Overview and Level Annotations

Branches:
Dungeon (4/15)             Temple (0/1) D:4

Altars:
Hepliaklqana


Innate Abilities, Weirdness & Mutations

You have a pair of horns on your head.
You reflexively headbutt those who attack you in melee.


Message History

An ogre is nearby!
An ogre is nearby!
A jelly comes into view.
You reach to attack!
You hit the ogre.
The ogre is lightly wounded.
You reach to attack!
You puncture the ogre!
The ogre is heavily wounded.
You hit the ogre.
The ogre is heavily wounded.
The ogre hits you with a +0 giant spiked club!
You barely miss the ogre.
The ogre is heavily wounded.
You hit the ogre.
The ogre is heavily wounded.
The ogre hits you with a +0 giant spiked club!
You hit the ogre.
The ogre is severely wounded.
The ogre closely misses you. You furiously retaliate!
You headbutt the ogre, but do no damage.
You hit the ogre.
The ogre is almost dead.
You barely miss the ogre.
The ogre is almost dead.
The jelly hits you but does no damage.
The ogre hits you with a +0 giant spiked club!!
* * * LOW HITPOINT WARNING * * *
You are too injured to fight recklessly!
You are too injured to fight recklessly!
You are too injured to fight recklessly!
You hit the jelly.
Your hands burn!
* * * LOW HITPOINT WARNING * * *
The jelly is lightly wounded.
The jelly hits you but does no damage.
You hit the jelly. The acid corrodes you!
Your hands burn!
* * * LOW HITPOINT WARNING * * *
The jelly is heavily wounded.
The jelly hits you.
* * * LOW HITPOINT WARNING * * *
You are splashed with acid!
You die...

#. #. ... .## .. #. ...##
#..#.. #. #. .... .......
#.##.## #.#.###....... #.....##
#............. ..#<#<.####
#...............#
..#...))..###..O............##
..##..).รท......J@.............
.[....))....................#
..##........#......#....(#...
.. #.......##......####......
.. #.......#..###.......# ##
#.........## #####...##
#......#...# ###..##
##.<....#.#.. #...##
#..###.#..# #....# .#


You could see an ogre and a jelly.

Vanquished Creatures
  2 black bears
  A scorpion (D:4)
  A gnoll bouda (D:4)
  Natasha (thrice) (D:3)
  2 adders
  3 gnolls (D:4)
  3 worms
  3 dart slugs
  7 orcs
  9 ball pythons
  3 endoplasms
  4 giant cockroaches
  4 goblins
  6 hobgoblins
  6 jackals
  4 quokkas
  7 bats
  2 frilled lizards
  5 kobolds
  3 rats (D:3)
78 creatures vanquished.

Notes
Turn   | Place    | Note
-------+----------+-------------------------------------------
     0 | D:1      | Ast3rio the Minotaur Berserker began the quest for the Orb.
     0 | D:1      | Reached XP level 1. HP: 19/19 MP: 0/0
   311 | D:1      | Found a faded altar of an unknown god.
   323 | D:1      | Reached XP level 2. HP: 19/27 MP: 1/1
  1049 | D:2      | Reached XP level 3. HP: 29/33 MP: 2/2
  1163 | D:2      | Reached ** piety under Trog
  1675 | D:3      | Reached XP level 4. HP: 40/40 MP: 3/3
  1917 | D:3      | Noticed a black bear
  1929 | D:3      | Killed a black bear
  1930 | D:3      | Reached XP level 5. HP: 29/47 MP: 4/4
  2133 | D:3      | Noticed Natasha
  2139 | D:3      | Killed Natasha
  2159 | D:3      | Noticed Natasha
  2168 | D:3      | Killed Natasha
  2169 | D:3      | Reached skill level 5 in Polearms
  2175 | D:3      | Noticed Natasha
  2183 | D:3      | Killed Natasha
  2184 | D:3      | Reached skill level 5 in Fighting
  2769 | D:3      | Found a hazy altar of Hepliaklqana.
  2908 | D:4      | Reached XP level 6. HP: 54/56 MP: 5/5
  3164 | D:4      | Found a staircase to the Ecumenical Temple.
  3435 | D:4      | HP: 2/56 [jelly (3)]
  3435 | D:4      | Splashed by a jelly's acid

Illustrated notes

Levels and vault maps discovered:
D:1:      dpeg_arrival_central, layout_basic, nicolae_ecumenical_snake_handling,
          minmay_misc_feat_four_crosses, minmay_door_square
D:2:      layout_rooms
D:3:      layout_loops_cross, nicolae_hepliaklqana_hippocampus, uniq_natasha
D:4:      layout_rooms, temple_fountains, nicolae_stop_n_shop_2

Skill      XL: |  1  2  3  4  5  6 |
---------------+-------------------+-----
Polearms       | 4 5 |  5.6
Fighting       | 4 5 |  5.6
Armour         | 3 4 |  4.9
Dodging        | 3 4 |  4.4

Action                   |  1- 3 |  4- 6 || total
-------------------------+-------+-------++-------
Melee: Spear             |    99 |   117 ||   216
       Headbutt          |    12 |    16 ||    28
       Punch             |     1 |       ||     1
Invok: Berserk           |       |     1 ||     1
 Stab: Sleeping          |     1 |     1 ||     2
Armor: Animal skin       |    17 |    11 ||    28
Dodge: Dodged            |    45 |    60 ||   105
